cohdb
Replays
Latest Replays
All Replays
Popular Replays
Top Player Replays
Match Explorer
How It Works
Community
CoH3 Stats
Reddit
Sign in to upload your games and track your stats! →
Sign in with Steam
Match 30511888
Unlisted
Match 30511888
Overview
Messages
Build Orders
End
Panzergrenadier Squad
Panzerpioneer Squad
250 Light Carrier
Kradschützen Motorcycle Team
Construct Light Support Kompanie
Assault Grenadier Squad
Assault Mechanized Group
Combat Half-tracks
Construct Mechanized Kompanie
MG34 Team
2.5-tonne Medical Truck
Veteran Squad Leaders
Selects Armored Support Battlegroup
Selects Superior Fire Drills
Selects Flammpanzer III Medium Tank Sd.Kfz. 141
Flammpanzer III Medium Tank
2.5-tonne Medical Truck
254 Reconnaissance Tractor
Assault Mechanized Group
Flammpanzer III Medium Tank
2.5-tonne Medical Truck
Selects Salvage Kits
Flammpanzer III Medium Tank
Selects Panzer Storm
Selects Stuka Dive Bomb
Fire Support Elements
254 Reconnaissance Tractor
Flakvierling Half-track
Stuka Dive Bomb
Assault Mechanized Group
Flakvierling Half-track
Flakvierling Half-track
Flakvierling Half-track
Assault Mechanized Group
HulkSMASH
PAX AJAX
0
0
Comments
sign in to comment!
No comments posted yet!